AoeStats
← Sebtoshi21

Migration

504227723Analyzed
1v1 RM · 28d ago on Sep 4, 2026· 39m 38s· 2 players
Game mode
Random Map
Map size
132×132
Population
200
Speed
Normal
Resources
Standard
Victory
Conquest
Starting age
Dark Age
Ending age
Imperial Age
RankedLock teamsTeams togetherTeam positionsShared explorationLock speedFull tech treeHidden civsTurbo modeCheats
Victory
Defeat
🇨🇭 Portuguese · Switzerland
877
+16
🇨🇴 Franks · Colombia
873
-16
Muchachin
0:48 Loom
11:52 Feudal Age
12:26 Double-Bit Axe
24:03 Castle Age
22:27 Fletching
22:37 Padded Archer Armor
24:54 Bodkin Arrow
24:58 Gold Mining
24:59 Stone Mining
27:25 Medium Warships
28:13 Husbandry
35:12 Scale Barding Armor
35:18 Forging
38:36 Imperial Age
Sebtoshi21
12:31 Feudal Age
12:03 Loom
14:06 Double-Bit Axe
20:50 Castle Age
20:36 Stone Mining
22:57 Town Watch
29:39 Fishing Lines
31:01 Padded Archer Armor
30:51 Fletching
33:43 Imperial Age
34:29 Medium Warships
33:50 Elite Caravel
38:02 Pikeman
Connection lost

Rejoining the realm…

Still unreachable

The connection could not be restored.

Session expired

The server has moved on; the page needs a fresh start.